| TOP OF THE 1ST |
|
Philadelphia Phillies batting - Pitching for Atlanta Braves : LHP Matthew Spurrell
|
|
Pitching: LHP Matthew Spurrell
|
|
|
Batting: SHB Lance Franklin
|
0-0: Called Strike 0-1: Ball 1-1: SOLO HOME RUN (Line Drive, 7D, EV 98.1 MPH), Distance : 374 ft
|
|
Batting: RHB Quintin Parker
|
0-0: DOUBLE (Flyball, 8LXD, EV 96.2 MPH)
|
|
Batting: LHB Osamu Kubo
|
0-0: Ball 1-0: Called Strike 1-1: Fly out, F5 (Line Drive, 56, EV 65.0 MPH)
|
|
Batting: RHB Josh Hensley
|
0-0: Ball 1-0: Ball 2-0: Ball 3-0: Called Strike 3-1: Foul Ball, location: 2F 3-2: Foul Ball, location: 2F 3-2: SINGLE (Groundball, 56D, EV 108.8 MPH) Quintin Parker to third Runner from 3rd tries for Home, SAFE, throw by LF to home Josh Hensley to second
|
|
Batting: LHB Brad Turner
|
0-0: Ball 1-0: Ball 2-0: Ball 3-0: Called Strike 3-1: Called Strike 3-2: Foul Ball, location: 2F 3-2: Foul Ball, location: 2F 3-2: SINGLE (Groundball, 3D, EV 98.8 MPH) Josh Hensley to third Runner from 3rd tries for Home, SAFE, throw by RF to home
|
|
Batting: SHB Phuck II
|
0-0: Ball 1-0: Called Strike 1-1: Swinging Strike 1-2: Foul Ball, location: 2F 1-2: Fly out, F9 (Flyball, 9D, EV 100.0 MPH)
|
|
Batting: LHB Cody Schumacher
|
0-0: Called Strike 0-1: Swinging Strike 0-2: Fly out, F7 (Flyball, 78M, EV 91.9 MPH)
|
| Top of the 1st over - 3 runs, 4 hits, 0 errors, 1 left on base; Philadelphia 3 - Atlanta 0 |
| BOTTOM OF THE 1ST |
|
Atlanta Braves batting - Pitching for Philadelphia Phillies : RHP Matt Evans
|
|
Pitching: RHP Matt Evans
|
|
|
Batting: RHB Jeckel Hester
|
0-0: Ball 1-0: Ball 2-0: Called Strike 2-1: Ball 3-1: Swinging Strike 3-2: Strikes out looking
|
|
Batting: RHB Liangde Li
|
0-0: Ball 1-0: Ball 2-0: Called Strike 2-1: Ball 3-1: Base on Balls
|
|
Batting: RHB David Casas
|
0-0: Ball 1-0: Called Strike Liangde Li steals 2nd base (no throw) 1-1: Fly out, F9 (Line Drive, 89M, EV 92.5 MPH)
|
|
Batting: LHB Erik Gretzky
|
0-0: Ball 1-0: SINGLE (Flyball, 3D, EV 90.0 MPH) Liangde Li to third Runner from 3rd tries for Home, throw by RF and OUT! 9-2
|
| Bottom of the 1st over - 0 runs, 1 hit, 0 errors, 1 left on base; Philadelphia 3 - Atlanta 0 |
| TOP OF THE 2ND |
|
Philadelphia Phillies batting - Pitching for Atlanta Braves : LHP Matthew Spurrell
|
|
Batting: LHB Mike Davis
|
0-0: Ball 1-0: Ball 2-0: Ball 3-0: Called Strike 3-1: Fly out, F5 (Popup, 5, EV 69.4 MPH)
|
|
Batting: LHB Nick Canizales
|
0-0: Ball 1-0: Foul Ball, location: 2F 1-1: Ball 2-1: Ball 3-1: Base on Balls
|
|
Batting: SHB Lance Franklin
|
0-0: Called Strike 0-1: Swinging Strike 0-2: Ball 1-2: Strikes out swinging
|
|
Batting: RHB Quintin Parker
|
0-0: Ball 1-0: Called Strike 1-1: Foul Ball, location: 2F 1-2: Fly out, F8 (Flyball, 78S, EV 88.1 MPH)
|
| Top of the 2nd over - 0 runs, 0 hits, 0 errors, 1 left on base; Philadelphia 3 - Atlanta 0 |
| BOTTOM OF THE 2ND |
|
Atlanta Braves batting - Pitching for Philadelphia Phillies : RHP Matt Evans
|
|
Batting: RHB Ike Trout
|
0-0: Ball 1-0: Ball 2-0: Ball 3-0: Called Strike 3-1: Fly out, F9 (Flyball, 9S, EV 85.0 MPH)
|
|
Batting: RHB Bobby Ayala
|
0-0: Called Strike 0-1: Ball 1-1: Called Strike 1-2: Foul Ball, location: 2F 1-2: Ball 2-2: Foul Ball, location: 2F 2-2: Strikes out swinging
|
|
Batting: RHB J.J. Powers
|
0-0: Ball 1-0: Called Strike 1-1: Foul Ball, location: 2F 1-2: Fly out, F8 (Flyball, 89D, EV 103.1 MPH)
|
| Bottom of the 2nd over - 0 runs, 0 hits, 0 errors, 0 left on base; Philadelphia 3 - Atlanta 0 |
| TOP OF THE 3RD |
|
Philadelphia Phillies batting - Pitching for Atlanta Braves : LHP Matthew Spurrell
|
|
Batting: LHB Osamu Kubo
|
0-0: Ground out 6-3 (Groundball, 6, EV 103.8 MPH)
|
|
Batting: RHB Josh Hensley
|
0-0: Ball 1-0: Swinging Strike 1-1: Ball 2-1: Foul Ball, location: 2F 2-2: Foul Ball, location: 2F 2-2: Strikes out looking
|
|
Batting: LHB Brad Turner
|
0-0: Ball 1-0: Foul Ball, location: 2F 1-1: Foul Ball, location: 2F 1-2: Foul Ball, location: 2F 1-2: Ball 2-2: SINGLE (Line Drive, 9S, EV 94.4 MPH)
|
|
Batting: SHB Phuck II
|
0-0: Ball 1-0: Ball 2-0: Foul Ball, location: 2F 2-1: Ball 3-1: Ground out 5-3 (Groundball, 5S, EV 80.0 MPH)
|
| Top of the 3rd over - 0 runs, 1 hit, 0 errors, 1 left on base; Philadelphia 3 - Atlanta 0 |
| BOTTOM OF THE 3RD |
|
Atlanta Braves batting - Pitching for Philadelphia Phillies : RHP Matt Evans
|
|
Batting: LHB Luis Magdaleno
|
0-0: Called Strike 0-1: Ball 1-1: Called Strike 1-2: Ball 2-2: Hit by Pitch
|
|
Batting: RHB Tade Post
|
0-0: Swinging Strike 0-1: Called Strike 0-2: Ball 1-2: Foul Ball, location: 2F 1-2: Foul Ball, location: 2F 1-2: TRIPLE (Flyball, 78XD, EV 95.0 MPH) Luis Magdaleno scores
|
|
Batting: RHB Jeckel Hester
|
0-0: Fly out, F9 (Flyball, 9D, EV 98.8 MPH) Runner from 3rd tags up, SCORES, no throw by RF
|
|
Batting: RHB Liangde Li
|
0-0: Ball 1-0: Foul Ball, location: 2F 1-1: Foul Ball, location: 2F 1-2: Ball 2-2: Ball 3-2: Ground out 4-3 (Groundball, 4, EV 88.1 MPH)
|
|
Batting: RHB David Casas
|
0-0: Ball 1-0: Ground out 6-3 (Groundball, 6S, EV 86.9 MPH)
|
| Bottom of the 3rd over - 2 runs, 1 hit, 0 errors, 0 left on base; Philadelphia 3 - Atlanta 2 |
| TOP OF THE 4TH |
|
Philadelphia Phillies batting - Pitching for Atlanta Braves : LHP Matthew Spurrell
|
|
Batting: LHB Cody Schumacher
|
0-0: Ground out 4-3 (Groundball, 4, EV 80.6 MPH)
|
|
Batting: LHB Mike Davis
|
0-0: Called Strike 0-1: Called Strike 0-2: Foul Ball, location: 2F 0-2: SINGLE (Groundball, 6D, EV 111.2 MPH)
|
|
Batting: LHB Nick Canizales
|
0-0: Ball 1-0: Fly out, F9 (Flyball, 9, EV 78.1 MPH)
|
|
Batting: SHB Lance Franklin
|
0-0: Called Strike 0-1: Ball 1-1: SINGLE (Line Drive, 8RS, EV 94.4 MPH) Mike Davis to second
|
|
Batting: RHB Quintin Parker
|
0-0: Called Strike 0-1: Ball 1-1: Foul Ball, location: 2F 1-2: Ground out 5-3 (Groundball, 5S, EV 91.2 MPH)
|
| Top of the 4th over - 0 runs, 2 hits, 0 errors, 2 left on base; Philadelphia 3 - Atlanta 2 |
| BOTTOM OF THE 4TH |
|
Atlanta Braves batting - Pitching for Philadelphia Phillies : RHP Matt Evans
|
|
Batting: LHB Erik Gretzky
|
0-0: Ball 1-0: Ball 2-0: SINGLE (Line Drive, 34D, EV 98.8 MPH)
|
|
Batting: RHB Ike Trout
|
0-0: Ball 1-0: SINGLE (Flyball, 4D, EV 86.9 MPH) Erik Gretzky to second
|
|
Batting: RHB Bobby Ayala
|
0-0: Ball 1-0: Ball 2-0: Foul Ball, location: 2F 2-1: Ball 3-1: Foul Ball, location: 2F 3-2: Grounds into double play, 4-6-3 (Groundball, 4M, EV 88.8 MPH) Erik Gretzky to third
|
|
Batting: RHB J.J. Powers
|
0-0: Ball 1-0: Foul Ball, location: 2F 1-1: SINGLE (Flyball, 89S, EV 89.4 MPH) Erik Gretzky scores
|
|
Batting: LHB Luis Magdaleno
|
0-0: Foul Ball, location: 2F 0-1: Ball 1-1: Called Strike J.J. Powers steals 2nd base (no throw) 1-2: Ball 2-2: TRIPLE (Line Drive, 89XD, EV 114.4 MPH) J.J. Powers scores
|
|
Batting: RHB Tade Post
|
0-0: SINGLE (Groundball, 4D, EV 101.9 MPH) Luis Magdaleno scores
|
|
Pitching: RHP Nick Turner
|
|
|
Batting: RHB Jeckel Hester
|
0-0: Ball 1-0: Called Strike 1-1: Foul Ball, location: 2F 1-2: Ball 2-2: Foul Ball, location: 2F 2-2: Strikes out swinging
|
| Bottom of the 4th over - 3 runs, 5 hits, 0 errors, 1 left on base; Philadelphia 3 - Atlanta 5 |
| TOP OF THE 5TH |
|
Philadelphia Phillies batting - Pitching for Atlanta Braves : LHP Matthew Spurrell
|
|
Batting: LHB Osamu Kubo
|
0-0: SINGLE (Line Drive, 7S, EV 86.9 MPH)
|
|
Batting: RHB Josh Hensley
|
0-0: Foul Ball, location: 2F 0-1: Fly out, F8 (Flyball, 78M, EV 88.8 MPH)
|
|
Batting: LHB Brad Turner
|
0-0: Ball 1-0: Called Strike 1-1: Ball 2-1: SINGLE (Groundball, 56, EV 96.9 MPH) Osamu Kubo to second
|
|
Batting: SHB Phuck II
|
0-0: Ball 1-0: Swinging Strike 1-1: Ball 2-1: Fly out, F4 (Popup, 4, EV 63.1 MPH)
|
|
Batting: LHB Cody Schumacher
|
0-0: Fly out, F7 (Flyball, 7D, EV 96.9 MPH)
|
| Top of the 5th over - 0 runs, 2 hits, 0 errors, 2 left on base; Philadelphia 3 - Atlanta 5 |
| BOTTOM OF THE 5TH |
|
Atlanta Braves batting - Pitching for Philadelphia Phillies : RHP Nick Turner
|
|
Batting: RHB Liangde Li
|
0-0: Ball 1-0: Ball 2-0: Foul Ball, location: 2F 2-1: SINGLE (Groundball, 34D, EV 106.2 MPH) (infield hit)
|
|
Batting: RHB David Casas
|
0-0: Ball Liangde Li steals 2nd base 1-0: Ball 2-0: Ball 3-0: Called Strike 3-1: Called Strike 3-2: Base on Balls
|
|
Batting: LHB Erik Gretzky
|
0-0: Ball Liangde Li steals 3rd, throwing error, E2 Liangde Li scores David Casas to third 1-0: Called Strike 1-1: Ball 2-1: Foul Ball, location: 2F 2-2: Ground out 4-3 (Groundball, 4, EV 103.8 MPH) David Casas scores
|
|
Batting: RHB Ike Trout
|
0-0: Swinging Strike 0-1: Ball 1-1: Ball 2-1: Ball 3-1: Base on Balls
|
|
Batting: RHB Bobby Ayala
|
0-0: Ball 1-0: Fly out, F7 (Flyball, 7, EV 83.8 MPH)
|
|
Batting: RHB J.J. Powers
|
Pickoff Throw to First - Out! 1-3 CS
|
| Bottom of the 5th over - 2 runs, 1 hit, 1 error, 0 left on base; Philadelphia 3 - Atlanta 7 |
| TOP OF THE 6TH |
|
Philadelphia Phillies batting - Pitching for Atlanta Braves : LHP Matthew Spurrell
|
|
Batting: LHB Mike Davis
|
0-0: Ball 1-0: Foul Ball, location: 2F 1-1: Foul Ball, location: 2F 1-2: Foul Ball, location: 2F 1-2: Ball 2-2: Foul Ball, location: 2F 2-2: SINGLE (Line Drive, 7S, EV 85.6 MPH)
|
|
Batting: LHB Nick Canizales
|
0-0: Foul Ball, location: 2F 0-1: Swinging Strike 0-2: Strikes out looking
|
|
Pitching: RHP Doug Seliger
|
|
|
Batting: SHB Lance Franklin
|
0-0: Called Strike 0-1: Swinging Strike 0-2: Ball 1-2: Ball 2-2: Strikes out looking
|
|
Batting: RHB Quintin Parker
|
0-0: Ball 1-0: Ball 2-0: Ball 3-0: Base on Balls Mike Davis to second
|
|
Batting: LHB Osamu Kubo
|
0-0: Ball 1-0: Foul Ball, location: 2F 1-1: Foul Ball, location: 2F 1-2: Strikes out swinging
|
| Top of the 6th over - 0 runs, 1 hit, 0 errors, 2 left on base; Philadelphia 3 - Atlanta 7 |
| BOTTOM OF THE 6TH |
|
Atlanta Braves batting - Pitching for Philadelphia Phillies : RHP Nick Turner
|
|
Batting: RHB J.J. Powers
|
0-0: Ball 1-0: Ball 2-0: Ground out 5-3 (Groundball, 56S, EV 88.1 MPH)
|
|
Batting: LHB Luis Magdaleno
|
0-0: Ball 1-0: Ball 2-0: Called Strike 2-1: Swinging Strike 2-2: Fly out, F6 (Popup, 6MD, EV 50.6 MPH)
|
|
Batting: RHB Tade Post
|
0-0: Foul Ball, location: 2F 0-1: Ball 1-1: DOUBLE (Line Drive, 3D, EV 108.1 MPH)
|
|
Pitching: RHP Alard Kraaijeveld
|
|
|
Batting: RHB Jeckel Hester
|
0-0: Ball 1-0: SINGLE (Groundball, 4MS, EV 68.8 MPH) (infield hit) Tade Post to third
|
|
Batting: RHB Liangde Li
|
0-0: Ball 1-0: Ball 2-0: Fly out, F7 (Flyball, 7LSF, EV 93.1 MPH)
|
| Bottom of the 6th over - 0 runs, 2 hits, 0 errors, 2 left on base; Philadelphia 3 - Atlanta 7 |
| TOP OF THE 7TH |
|
Philadelphia Phillies batting - Pitching for Atlanta Braves : RHP Doug Seliger
|
|
Pitching: RHP Brendan Graham
|
|
|
Batting: RHB Josh Hensley
|
0-0: Called Strike 0-1: Ball 1-1: Ball 2-1: Ground out 6-3 (Groundball, 6, EV 105.6 MPH)
|
|
Batting: LHB Brad Turner
|
0-0: Ball 1-0: Ball 2-0: Called Strike 2-1: Ball 3-1: Foul Ball, location: 2F 3-2: Foul Ball, location: 2F 3-2: Base on Balls
|
|
Batting: SHB Phuck II
|
0-0: Swinging Strike 0-1: Called Strike 0-2: Ball 1-2: Foul Ball, location: 2F 1-2: Strikes out swinging
|
|
Batting: LHB Cody Schumacher
|
0-0: Called Strike 0-1: Ball 1-1: Ball 2-1: Ground out 4-3 (Groundball, 4, EV 82.5 MPH)
|
| Top of the 7th over - 0 runs, 0 hits, 0 errors, 1 left on base; Philadelphia 3 - Atlanta 7 |
| BOTTOM OF THE 7TH |
|
Atlanta Braves batting - Pitching for Philadelphia Phillies : RHP Alard Kraaijeveld
|
|
Batting: RHB David Casas
|
0-0: Ball 1-0: Ball 2-0: Called Strike 2-1: Foul Ball, location: 2F 2-2: SINGLE (Flyball, 8LS, EV 91.2 MPH)
|
|
Batting: LHB Erik Gretzky
|
0-0: Ball 1-0: Foul Ball, location: 2F 1-1: Ball 2-1: Called Strike 2-2: Foul Ball, location: 2F 2-2: Grounds into double play, 3-6-1 (Groundball, 3, EV 109.4 MPH)
|
|
Batting: RHB Ike Trout
|
0-0: Ball 1-0: Ball 2-0: Called Strike 2-1: Foul Ball, location: 2F 2-2: Ground out 4-3 (Groundball, 4M, EV 90.0 MPH)
|
| Bottom of the 7th over - 0 runs, 1 hit, 0 errors, 0 left on base; Philadelphia 3 - Atlanta 7 |
| TOP OF THE 8TH |
|
Philadelphia Phillies batting - Pitching for Atlanta Braves : RHP Brendan Graham
|
|
Pitching: LHP Shingo Miura
|
|
|
Batting: LHB Mike Davis
|
0-0: Ball 1-0: Ball 2-0: Ball 3-0: Called Strike 3-1: Called Strike 3-2: Fly out, F8 (Line Drive, 8LD, EV 91.2 MPH)
|
|
Pinch Hitting: RHB Chris Pounds
|
0-0: Fly out, F4 (Popup, 34D, EV 58.1 MPH)
|
|
Batting: SHB Lance Franklin
|
0-0: Called Strike 0-1: Foul Ball, location: 2F 0-2: Ball 1-2: Ball 2-2: Foul Ball, location: 2F 2-2: SINGLE (Groundball, 6MD, EV 97.5 MPH)
|
|
Batting: RHB Quintin Parker
|
0-0: Ball 1-0: Ball 2-0: Called Strike 2-1: Ball 3-1: Called Strike 3-2: Ground out 4-3 (Groundball, 4, EV 77.5 MPH)
|
| Top of the 8th over - 0 runs, 1 hit, 0 errors, 1 left on base; Philadelphia 3 - Atlanta 7 |
| BOTTOM OF THE 8TH |
|
Atlanta Braves batting - Pitching for Philadelphia Phillies : RHP Alard Kraaijeveld
|
|
Pitching: RHP Chris Perteet
|
|
|
Now at 2B: Jim Beaver
|
|
|
Batting: RHB Bobby Ayala
|
0-0: Ball 1-0: Ball 2-0: Ball 3-0: Base on Balls
|
|
Batting: RHB J.J. Powers
|
0-0: Ball 1-0: DOUBLE (Flyball, 89D, EV 97.5 MPH) Bobby Ayala to third Bobby Ayala scores
|
|
Batting: LHB Luis Magdaleno
|
0-0: Ball 1-0: Ball 2-0: Foul Ball, location: 2F 2-1: Ball 3-1: Foul Ball, location: 2F 3-2: 2-RUN HOME RUN (Flyball, 7D, EV 95.0 MPH), Distance : 363 ft
|
|
Batting: RHB Tade Post
|
0-0: Foul Ball, location: 2F 0-1: Swinging Strike 0-2: Strikes out looking
|
|
Batting: RHB Jeckel Hester
|
0-0: Swinging Strike 0-1: Ball 1-1: Swinging Strike 1-2: Ball 2-2: Strikes out swinging
|
|
Pinch Hitting: RHB Jared Speck
|
0-0: Fly out, F9 (Flyball, 9, EV 96.9 MPH)
|
| Bottom of the 8th over - 3 runs, 2 hits, 0 errors, 0 left on base; Philadelphia 3 - Atlanta 10 |
| TOP OF THE 9TH |
|
Philadelphia Phillies batting - Pitching for Atlanta Braves : LHP Shingo Miura
|
|
Now in CF: Erik Gretzky
|
|
|
Now in RF: Jared Speck
|
|
|
Batting: LHB Osamu Kubo
|
0-0: Called Strike 0-1: Ball 1-1: Ball 2-1: Called Strike 2-2: Foul Ball, location: 2F 2-2: Ball 3-2: Strikes out swinging
|
|
Batting: RHB Josh Hensley
|
0-0: Ball 1-0: Called Strike 1-1: Swinging Strike 1-2: Foul Ball, location: 2F 1-2: Strikes out swinging
|
|
Batting: LHB Brad Turner
|
0-0: Foul Ball, location: 2F 0-1: Ball 1-1: Ball 2-1: Foul Ball, location: 2F 2-2: Ball 3-2: Fly out, F8 (Flyball, 8LM, EV 77.5 MPH)
|
| Top of the 9th over - 0 runs, 0 hits, 0 errors, 0 left on base; Philadelphia 3 - Atlanta 10 |
|